 Dungeon Crawl Stone Soup version 0.31-a0-37-g98a128e1d9 (webtiles) character file.

Game seed: 3602236523414833871

32 rcg1917 the Shooter (level 3, 0/30 HPs)
             Began as a Minotaur Hunter on May 14, 2023.
             Constricted to death by a ball python (1 damage)
             ... on level 2 of the Dungeon.
             The game lasted 00:08:20 (1402 turns).

rcg1917 the Shooter (Minotaur Hunter)               Turns: 1402, Time: 00:08:22

Health: 0/30       AC:  3    Str: 17    XL:     3   Next: 8%
Magic:  2/2        EV:  9    Int:  6    God:
Gold:   20         SH:  0    Dex: 13    Spells: 2/2 levels left

rFire   . . .        j - +1 dagger (holy)
rCold   . . .        (no shield)
rNeg    . . .        c - +0 leather armour
rPois   .            (helmet restricted)
rElec   .            (no cloak)
rCorr   .            (no gloves)
SInv    .            (no boots)
Will    .....        (no amulet)
Stlth   +            (no ring)
HPRegen 0.25/turn    (no ring)
MPRegen 0.08/turn

%: no passive effects
@: constricted
A: horns 2, retaliatory headbutt
a: no special abilities


You were on level 2 of the Dungeon.
You visited 1 branch of the dungeon, and saw 2 of its levels.

You collected 20 gold pieces.

Inventory:

Hand Weapons
 a - a +0 shortbow
 g - a +0 dagger
 j - a +1 dagger of holy wrath (weapon)
 l - a +0 spear
 m - a +0 sling
Missiles
 n - 16 stones
Armour
 c - a +0 leather armour (worn)
Jewellery
 i - a ring of wizardry
Scrolls
 b - a scroll of immolation
 h - a scroll of vulnerability {unknown}
 k - 2 scrolls of poison {unknown}
Potions
 d - 2 potions of curing {unknown}
 e - a potion of magic {unknown}
 f - a potion of haste {unknown}


   Skills:
 + Level 2.6 Fighting
 + Level 0.5 Short Blades
 + Level 5.2 Ranged Weapons
 + Level 0.2 Armour
 + Level 2.3 Dodging
 + Level 0.7 Stealth


You had 2 spell levels left.
You didn't know any spells.
Your spell library was empty.

Dungeon Overview and Level Annotations

Branches:
Dungeon (2/15)

Altars:

Shops:
D:1 *

Annotations:
D:2 Terence


Innate Abilities, Weirdness & Mutations

You have a pair of horns on your head.
You reflexively headbutt those who attack you in melee.


Message History

There are no items here.
A kobold and a worm come into view.
Terence and a quokka come into view.
The quokka twitches its whiskers.
Terence shouts!
The kobold closely misses you. You furiously retaliate!
You headbutt the kobold.
You kill the kobold!
Terence hits you with a +0 mace.
You see here 15 gold pieces.
Terence hits you with a +0 mace. The quokka attacks as you move away!
The quokka bites you. Terence hits you with a +0 mace.
The quokka closely misses you. The quokka attacks as you move away!
The quokka bites you but does no damage.
Terence looks scornfully at you. The quokka barely misses you.
You furiously retaliate!
You headbutt the quokka.
You kill the quokka!
A ball python comes into view.
A rat comes into view.
The ball python hisses angrily.
Terence hits you but does no damage.
There is a stone staircase leading up here.
Unknown command.
The ball python attacks as you move away!
The ball python bites you. The ball python closely misses you.
Terence hits you with a +0 mace. Terence attacks as you move away!
Terence hits you with a +0 mace.
You hit the ball python but do no damage.
Your headbutt misses the ball python. The ball python closely misses you.
The ball python grabs you. The ball python constricts you.
You hit the ball python. Your headbutt misses the ball python.
The ball python is severely wounded.
Terence hits you with a +0 mace!
* * * LOW HITPOINT WARNING * * *
The ball python bites you.
* * * LOW HITPOINT WARNING * * *
The ball python constricts you.
You die...

#......####?......
######.####.......
#..............
#.#............
#.+............
#####............
#................
#.......<.####...
+.@w....#.#
#.S@.####?.+
#.r..# #### #.<..#
#.......#
#........#
#....#...#
#........+
#..........


You could see Terence, a worm, a ball python and a rat.

Vanquished Creatures
  2 dart slugs (D:1)
  A bat (D:1)
  2 endoplasms (D:1)
  2 giant cockroaches (D:1)
  2 goblins (D:1)
  2 hobgoblins (D:1)
  4 kobolds
  2 quokkas (D:2)
  2 ball pythons (D:1)
  2 frilled lizards (D:1)
  5 rats (D:1)
26 creatures vanquished.

Notes
Turn   | Place    | Note
-------+----------+-------------------------------------------
     0 | D:1      | rcg1917 the Minotaur Hunter began the quest for the Orb.
     0 | D:1      | Reached XP level 1. HP: 18/18 MP: 0/0
   100 | D:1      | Reached XP level 2. HP: 25/25 MP: 1/1
   103 | D:1      | Found Baugh's Assorted Antiques.
   661 | D:1      | Reached skill level 5 in Ranged Weapons
  1371 | D:2      | Reached XP level 3. HP: 30/30 MP: 2/2
  1380 | D:2      | Noticed Terence
  1402 | D:2      | HP: 1/30 [ball python (2)]
  1402 | D:2      | Constricted to death by a ball python

Illustrated notes

Levels and vault maps discovered:
D:1:      eino_arrival_tree_alley, layout_basic, serial_shops,
          nicolae_shop_hallway_plus, minmay_misc_feat_secret_circle
D:2:      layout_basic, serial_bayou_lagoon_a, uniq_terence, uniq_natasha

Skill      XL: |  1  2 |
---------------+-------+-----
Ranged Weapons | 5 |  5.2
Fighting       | |  2.6
Short Blades   | |  0.5
Armour         | |  0.2
Dodging        | |  2.3
Stealth        | |  0.7

Action                     || total
---------------------------++-------
  Melee: Dagger            ||    53
         Headbutt          ||    12
   Fire: Shortbow          ||    26
 Armour: Leather armour    ||    25
  Dodge: Dodged            ||    38

Table legend: (Time is in decaauts)
 A = Elapsed time spent in this place.
 B = Non-inter-level travel time spent in this place.
 C = Inter-level travel time spent in this place.
 D = Time resting spent in this place.
 E = Time spent auto-exploring this place.
 F = Levels seen in this place.
 G = Mean time per level.
                   A        B        C        D        E       F      G
               +--------+--------+--------+--------+--------+-----+--------+
         Total |   1402 |   1402 |      0 |    212 |    652 |   2 |  701.0 |
       Dungeon |   1402 |   1402 |      0 |    212 |    652 |   2 |  701.0 |
               +--------+--------+--------+--------+--------+-----+--------+

Top non-repeatable levels by time:
     D:1: 1365 daAuts
     D:2: 36 daAuts
